cohdb
Replays
Latest Replays
All Replays
Popular Replays
Top Player Replays
Match Explorer
How It Works
Community
CoH3 Stats
Reddit
Sign in to upload your games and track your stats! →
Sign in with Steam
Match 46664806
Unlisted
Match 46664806
Overview
Messages
Build Orders
End
Kradschützen Motorcycle Team
Panzergrenadier Squad
Panzergrenadier Squad
250 Light Carrier
Construct Light Support Kompanie
Assault Grenadier Squad
Fire Support Elements
Flakvierling Half-track
Panzerjäger Mechanized Group
Panzerpioneer Squad
MG34 Team
Selects Italian Infantry
Selects Guastatori Squad
Guastatori Squad
Construct Panzerarmee Kommand
Construct Mechanized Kompanie
Selects Defensive Operations
Selects Prepared Positions
Selects Registered Artillery
StuG III D Assault Gun
2.5-tonne Medical Truck
Selects Towed Cannone da 105/28 Field Howitzer
Sticket
MasterStef
0
0
Comments
sign in to comment!
No comments posted yet!